 Dungeon Crawl Stone Soup version 0.27-a0-797-g27d10ad80f (webtiles) character file.

Game seed: 3143628389488582645

103 polve the Slasher (level 4, -2/35 HPs)
             Began as a Demonspawn Abyssal Knight on Mar 27, 2021.
             Was a Follower of Lugonu.
             Slain by a water moccasin (5 damage)
             ... on level 2 of the Dungeon.
             The game lasted 00:02:20 (1962 turns).

polve the Slasher (Demonspawn Abyssal Knight)       Turns: 1962, Time: 00:02:20

Health: -2/35      AC:  9    Str: 18    XL:     4   Next: 51%
Magic:  5/5        EV:  9    Int: 14    God:    Lugonu [*.....]
Gold:   93         SH:  0    Dex: 19    Spells: 3/3 levels left

rFire    . . .     SeeInvis .   a - +1 falchion
rCold    . . .     Faith    .   (no shield)
rNeg     . . .     Spirit   .   d - +1 chain mail {Will+}
rPois    .         Reflect  .   (no helmet)
rElec    .         Harm     .   (no cloak)
rCorr    .         Rampage  .   (no gloves)
Will     +....                  (no boots)
Stlth    ..........             (no amulet)
HPRegen  0.11/turn              g - +6 ring of strength
MPRegen  0.09/turn              i - +6 ring of dexterity

@: no status effects
A: repulsion field 1, foul stench 1, demonic magic 1
a: Renounce Religion, Depart the Abyss


You were on level 2 of the Dungeon.
You worshipped Lugonu.
Lugonu was aware of your devotion.
You visited 1 branch of the dungeon, and saw 3 of its levels.
You visited the Abyss 1 time.

You collected 93 gold pieces.

Inventory:

Hand Weapons
 a - a +1 falchion (weapon)
Armour
 d - a +1 chain mail of willpower (worn)
Jewellery
 f - a ring of positive energy
 g - a +6 ring of strength (left hand)
 i - a +6 ring of dexterity (right hand)
Scrolls
 b - a scroll of fog {unknown}
 c - a scroll of immolation


   Skills:
 - Level 3.0 Fighting
 * Level 3.9 Long Blades
 + Level 2.5 Armour
 - Level 0.8 Dodging
 - Level 2.4 Invocations


You had 3 spell levels left.
You didn't know any spells.
Your spell library contained the following spells:

 Spells                   Type           Power      Damage    Failure   Level
 Magic Dart               Conj           0%         1d3       98%         1
 Blink                    Tloc           N/A        N/A       99%         2
 Call Imp                 Summ           0%         N/A       99%         2
 Slow                     Hex            0%         N/A       99%         2
 Conjure Flame            Conj/Fire      0%         6-21      100%        3
 Mephitic Cloud           Conj/Pois/Air  0%         N/A       100%        3


Dungeon Overview and Level Annotations

Branches:
Dungeon (3/15)

Altars:
Ru
Wu Jian
Zin


Innate Abilities, Weirdness & Mutations

You are surrounded by a mild repulsion field. (EV +2)
You may rarely emit foul miasma when damaged in melee.
Spells you cast may paralyse adjacent enemies.


Message History

The water moccasin bites you but does no damage.
The water moccasin closely misses you.
You closely miss the water moccasin.
The water moccasin bites you but does no damage.
You hit the water moccasin.
The water moccasin is lightly wounded.
The water moccasin closely misses you. The water moccasin bites you.
You closely miss the water moccasin.
The water moccasin is lightly wounded.
The water moccasin closely misses you.
You hit the water moccasin.
The water moccasin is lightly wounded.
The water moccasin bites you.
The water moccasin bites you but does no damage.
You closely miss the water moccasin.
The water moccasin is lightly wounded.
The water moccasin bites you.
You are poisoned.
The water moccasin poisons you! The water moccasin barely misses you.
You hit the water moccasin.
The water moccasin is moderately wounded.
* * * LOW HITPOINT WARNING * * *
You feel extremely sick. The water moccasin barely misses you.
You hit the water moccasin.
The water moccasin is moderately wounded.
You feel sick. The water moccasin bites you.
* * * LOW HITPOINT WARNING * * *
The water moccasin bites you.
* * * LOW HITPOINT WARNING * * *
You slash the water moccasin!
The water moccasin is heavily wounded.
You feel sick.
The water moccasin bites you but does no damage.
You hit the water moccasin.
The water moccasin is severely wounded.
You feel sick.
You are no longer poisoned.
The water moccasin bites you.
You die...

#######.#..≈≈≈..#.##
##.#..≈...≈..#.##
#.#...≈._.≈...#.#
##[#..≈...≈..#.##############
##.#..≈≈≈..#................
##.#######.################
##........###### ########
######.#.#....###......##
#.#@S....'.'......'.
#.#.#....###......##
#.#.###### #......## #.#.#
#......## #.#.# #......##
######.#.# ######..#
#....#.#.# #...... #....#.#.#
#...... #....#.#.# #......


You could see a water moccasin.

Vanquished Creatures
  Terence (D:1)
  5 adders (D:2)
  3 bats
  3 endoplasms
  3 giant cockroaches
  3 goblins (D:1)
  4 hobgoblins
  2 jackals (D:2)
  A kobold (D:1)
  5 frilled lizards
  6 rats
36 creatures vanquished.

Notes
Turn   | Place    | Note
-------+----------+-------------------------------------------
     0 | Abyss:1  | polve the Demonspawn Abyssal Knight began the quest for the
                  | Orb.
     0 | Abyss:1  | Reached XP level 1. HP: 18/18 MP: 2/2
    42 | Abyss:1  | Noticed a smoke demon
    43 | D:1      | Escaped the Abyss
   338 | D:1      | Gained mutation: Spells you cast may paralyse adjacent
                  | enemies. [demonic ancestry]
   338 | D:1      | Reached XP level 2. HP: 24/24 MP: 3/3
   388 | D:1      | Reached * piety under Lugonu
   920 | D:2      | Found a sacrificial altar of Ru.
  1034 | D:2      | Noticed Terence
  1049 | D:2      | Gained mutation: You are surrounded by a mild repulsion
                  | field. (EV +2) [demonic ancestry]
  1049 | D:2      | Reached XP level 3. HP: 29/29 MP: 4/4
  1137 | D:1      | Killed Terence
  1575 | D:2      | Gained mutation: You may rarely emit foul miasma when
                  | damaged in melee. [demonic ancestry]
  1575 | D:2      | Reached XP level 4. HP: 35/35 MP: 5/5
  1578 | D:2      | Found an ornate altar of the Wu Jian Council.
  1947 | D:3      | Noticed a water moccasin
  1962 | D:2      | Slain by a water moccasin

Illustrated notes

Levels and vault maps discovered:
D:1:      dpeg_arrival_water_altar, layout_basic, serial_park_tiny_pond,
          minmay_hexomino_f4
D:2:      layout_basic, nicolae_ru_awakened_eye, lemuel_round_altar,
          serial_bayou_pond_d, uniq_terence
D:3:      layout_rooms, nicolae_hepliaklqana_hippocampus,
          nicolae_qazlal_general_emergency

Skill      XL: |  1  2 |
---------------+-------+-----
Long Blades    | 2 3 |  3.9
Armour         | 2 |  2.5
Fighting       | |  3.0
Dodging        | |  0.8
Invocations    | |  2.4

Action                   |  1- 3 |  4- 6 || total
-------------------------+-------+-------++-------
Melee: Falchion          |   109 |    20 ||   129
Invok: Depart the Abyss  |     1 |       ||     1
  Use: Scroll            |     5 |       ||     5
 Stab: Sleeping          |     1 |       ||     1
Armor: Leather armour    |    14 |       ||    14
       Chain mail        |    41 |    11 ||    52
Dodge: Dodged            |    47 |     8 ||    55
       Rpst.: Falchion   |    13 |       ||    13

Table legend: (Time is in decaauts)
 A = Elapsed time spent in this place.
 B = Non-inter-level travel time spent in this place.
 C = Inter-level travel time spent in this place.
 D = Time resting spent in this place.
 E = Time spent auto-exploring this place.
 F = Levels seen in this place.
 G = Mean time per level.
                   A        B        C        D        E       F      G
               +--------+--------+--------+--------+--------+-----+--------+
         Total |   1987 |   1891 |     96 |      0 |   1541 |   4 |  496.8 |
       Dungeon |   1944 |   1848 |     96 |      0 |   1499 |   3 |  648.0 |
         Abyss |     43 |     43 |      0 |      0 |     42 |   1 |   43.0 |
               +--------+--------+--------+--------+--------+-----+--------+

Top non-repeatable levels by time:
     D:1: 1098 daAuts
     D:2: 843 daAuts
 Abyss:1: 43 daAuts
     D:3: 2 daAuts
